AoeStats
← SharanamGanesha

MegaRandom

508018318Analyzed
2v2 RM · 12d ago on Sep 20, 2026· 38m 53s· 4 players
Game mode
Random Map
Map size
Medium (4 player)
Population
200
Speed
Normal
Resources
Standard
Victory
Conquest
Starting age
Dark Age
Ending age
Imperial Age
RankedLock teamsTeams togetherTeam positionsShared explorationLock speedFull tech treeHidden civsTurbo modeCheats
Victory
Defeat
🇨🇦 Khmer · Canada
971
+16
🇺🇦 Dravidians · Ukraine
932
+18
🇪🇸 Turks · Spain
982
-17
🇪🇸 Britons · Spain
963
-17
Bibz
15:20 Feudal Age
18:34 Castle Age
16:39 Fishing Lines
17:40 Town Watch
19:42 Gillnets
20:44 Husbandry
20:55 Bloodlines
20:56 Stone Mining
22:16 Loom
23:46 Double-Bit Axe
26:50 Scale Barding Armor
27:41 Forging
29:35 Wheelbarrow
35:00 Tusk Swords
SharanamGanesha
12:23 Feudal Age
13:12 Double-Bit Axe
14:32 Horse Collar
19:09 Castle Age
19:29 Wheelbarrow
21:59 Bow Saw
22:31 Heavy Plow
25:30 Forging
25:22 Scale Mail Armor
29:02 Gold Mining
29:03 Loom
33:35 Iron Casting
33:17 Chain Mail Armor
33:01 Elite Skirmisher
34:22 Fletching
35:21 Medical Corps
39:20 Imperial Age
38:58 Bodkin Arrow
39:04 Padded Archer Armor
laura_sangue
12:47 Feudal Age
14:21 Double-Bit Axe
14:18 Horse Collar
22:39 Castle Age
21:24 Gold Mining
21:43 Padded Archer Armor
21:48 Fletching
24:02 Bow Saw
23:33 Pikeman
25:14 Bodkin Arrow
25:12 Fishing Lines
25:37 Heavy Plow
26:10 Crossbowman
Enarby
4:05 Loom
15:05 Feudal Age
15:35 Fishing Lines
17:10 Double-Bit Axe
18:58 Wheelbarrow
22:15 Castle Age
21:56 Town Watch
23:36 Hand Cart
23:44 Gillnets
27:11 Bow Saw
27:44 Town Patrol
30:24 Husbandry
36:17 Fletching
Connection lost

Rejoining the realm…

Still unreachable

The connection could not be restored.

Session expired

The server has moved on; the page needs a fresh start.